 Dungeon Crawl Stone Soup version 0.26-a0-639-g72c4674329 (webtiles) character file.

Game seed: 13973795236997674578

240 Flugslaktarn the Skirmisher (level 5, -2/48 HPs)
             Began as a Minotaur Fighter on Sept 22, 2020.
             Killed by nerve-wracking pain
             ... invoked by Grinder
              (13 damage)
             ... on level 4 of the Dungeon.
             The game lasted 00:00:52 (1594 turns).

Flugslaktarn the Skirmisher (Minotaur Fighter)      Turns: 1594, Time: 00:00:53

Health: -2/48      AC:  7    Str: 22    XL:     5   Next: 79%
Magic:  4/4        EV:  7    Int:  5    God:
Gold:   190        SH:  0    Dex:  9    Spells: 4/4 levels left

rFire    . . .     SeeInvis .   a - +0 war axe
rCold    . . .     Faith    .   c - +0 kite shield
rNeg     . . .     Spirit   .   b - +0 scale mail
rPois    .         Reflect  .   (helmet restricted)
rElec    .         Harm     .   (no cloak)
rCorr    .         Rampage  .   (no gloves)
MR       .....                  (no boots)
Stlth    ..........             (no amulet)
HPRegen  0.16/turn              (no ring)
MPRegen  0.09/turn              (no ring)

@: confused, brilliant, stab
A: retaliatory headbutt, horns 2
a: no special abilities


You were on level 4 of the Dungeon.
You visited 1 branch of the dungeon, and saw 5 of its levels.

You collected 190 gold pieces.

Inventory:

Hand Weapons
 a - a +0 war axe (weapon)
Armour
 b - a +0 scale mail (worn)
 c - a +0 kite shield (worn)
Jewellery
 t - an uncursed ring of magical power {unknown}
   (You found it on level 4 of the Dungeon)
Wands
 k - a wand of iceblast (12)
   (You found it on level 2 of the Dungeon)
Scrolls
 e - 5 scrolls of identify {unknown}
 g - 2 scrolls of teleportation {unknown}
 h - a scroll of random uselessness {unknown}
 i - a scroll of magic mapping {unknown}
 j - 3 scrolls of remove curse {unknown}
 l - a scroll of enchant armour {unknown}
 q - a scroll of noise {unknown}
 s - a scroll of enchant weapon {unknown}
Potions
 d - a potion of might
 n - a potion of invisibility {unknown}
 o - a potion of haste {unknown}
 p - 2 potions of stabbing
 r - a potion of flight {unknown}


   Skills:
 * Level 5.5 Fighting
 * Level 4.6 Axes
 + Level 4.5 Armour
 + Level 4.6 Shields


You had 4 spell levels left.
You didn't know any spells.
Your spell library was empty.

Dungeon Overview and Level Annotations

Branches:
Dungeon (5/15)
 Temple: D:4-7

Altars:

Shops:
D:4 *

Annotations:
D:4 Grinder


Innate Abilities, Weirdness & Mutations

You reflexively headbutt those who attack you in melee.
You have a pair of horns on your head.


Message History

* * * LOW HITPOINT WARNING * * *
You writhe in agony.
* * * LOW HITPOINT WARNING * * *
It was a potion of stabbing.
You feel ready to backstab. You block Grinder's attack.
Unknown command.
It was a potion of ambrosia.
You are confused.
You feel invigorated. Grinder says, "Are you a fish?"
Grinder hits you but does no damage.
Unknown command.
You closely miss Grinder. Your headbutt misses Grinder.
Grinder is severely wounded.
Grinder hits you.
* * * LOW HITPOINT WARNING * * *
Grinder gestures at you. Pain shoots through your body!
You die...

######### #######
###......(# #.....#
..#.......# #.....#
..#.......# #.....#########
..#.......###.............#
..........................#
..........................#
.................5........#
.........[......@.........#
.................##########
.................####
...#####............#
...########...#.....#
.......).##...#.....#
....................#######
......#.#.#.#.###.........#
...(..#.#.#.#.#........)..#


You could see Grinder.

Vanquished Creatures
  A bullfrog (D:4)
  A centaur skeleton (D:4)
  Ijyb (D:3)
  An orc wizard (D:4)
  A hound skeleton (D:4)
  2 adders (D:4)
  3 oozes (D:2)
  2 worms (D:2)
  A dart slug (D:5)
  2 leopard geckos
  6 orcs
  3 bats
  4 giant cockroaches (D:4)
  4 goblins
  A hobgoblin (D:3)
  4 jackals (D:3)
  A kobold (D:2)
  A quokka (D:4)
  A ball python (D:4)
  3 rats
43 creatures vanquished.

Notes
Turn   | Place    | Note
-------+----------+-------------------------------------------
     0 | D:1      | Flugslaktarn the Minotaur Fighter began the quest for the
                  | Orb.
     0 | D:1      | Reached XP level 1. HP: 19/19 MP: 0/0
   166 | D:2      | Reached XP level 2. HP: 20/27 MP: 1/1
   202 | D:2      | Reached skill level 4 in Fighting
   370 | D:2      | Reached XP level 3. HP: 33/33 MP: 2/2
   497 | D:3      | Noticed Ijyb
   510 | D:3      | Killed Ijyb
   510 | D:3      | Reached XP level 4. HP: 39/41 MP: 3/3
   612 | D:4      | Found Firithim's Fabulous Fripperies.
   942 | D:4      | Reached skill level 5 in Fighting
   942 | D:4      | Reached XP level 5. HP: 47/48 MP: 4/4
  1576 | D:5      | Entered Level 5 of the Dungeon
  1576 | D:5      | Noticed Grinder
  1594 | D:4      | Killed from afar by Grinder

Illustrated notes

Levels and vault maps discovered:
D:1:      dpeg_arrival_windows_large_door, layout_basic, grunt_decor_arrowhead
D:2:      minmay_angry_zag, layout_loops_cross, minmay_split_cup_small,
          uniq_jessica
D:3:      layout_loops_corners, lemuel_round_altar,
          chequers_ecumenical_altar_grove, serial_bayou_pond_e,
          due_unseen_surprise, uniq_ijyb
D:4:      layout_basic, nicolae_alphabet_shops, minmay_misc_feat_nine_boxes,
          st_stairs_11, grunt_ministairs_3
D:5:      layout_basic, minmay_temple_entry_stoned_glass, serial_shops,
          shop_statue, uniq_grinder

Skill      XL: |  1  2  3  4 |
---------------+-------------+-----
Fighting       | 4 5 |  5.5
Axes           | 3 4 |  4.6
Shields        | 4 |  4.6
Armour         | 4 |  4.5

Action                   |  1- 3 |  4- 6 || total
-------------------------+-------+-------++-------
Melee: War axe           |    51 |    66 ||   117
       Headbutt          |     8 |    14 ||    22
  Use: Potion            |       |     3 ||     3
Armor: Scale mail        |    15 |    42 ||    57
Dodge: Dodged            |    15 |    11 ||    26
Block: Kite shield       |    37 |    33 ||    70

Table legend: (Time is in decaauts)
 A = Elapsed time spent in this place.
 B = Non-inter-level travel time spent in this place.
 C = Inter-level travel time spent in this place.
 D = Time resting spent in this place.
 E = Time spent auto-exploring this place.
 F = Levels seen in this place.
 G = Mean time per level.
                   A        B        C        D        E       F      G
               +--------+--------+--------+--------+--------+-----+--------+
         Total |   1639 |   1579 |     60 |      0 |   1276 |   5 |  327.8 |
       Dungeon |   1639 |   1579 |     60 |      0 |   1276 |   5 |  327.8 |
               +--------+--------+--------+--------+--------+-----+--------+

Top non-repeatable levels by time:
     D:4: 988 daAuts
     D:2: 305 daAuts
     D:3: 233 daAuts
     D:1: 96 daAuts
     D:5: 16 daAuts
